Map: Glittering Ashes LE

Players

Andrew

  • Race: Terran Terran
  • League: Silver
  • Spawn Location: 1:00

ikhan - Winner!

  • Race: Terran Terran
  • League: Silver
  • Spawn Location: 7:00

VOD

Have the link to the VOD?

Description

This guy somehow came at me with a bunch of tanks and medivacs before I could get marines going. What happened?

Time

  • Played on: May 18, 2022, 10:33 a.m.
  • Length: 6:18
Show
View Real Time Build Order
Export as new Build Order

Andrew Terran 

Build Orders:  

Get SALT Encoding   

  12  0:04  SCV  
  13  0:19  Supply Depot, SCV  
  14  0:32  SCV  
  15  0:44  SCV  
  15  0:45  Barracks  
  16  0:52  Refinery  
  16  0:56  SCV  
  17  1:08  SCV  
  18  1:31  Command Center  
  18  1:36  Marine  
  19  1:54  Marine  
  19  1:58  Barracks  
  19  1:59  Barracks  
  20  2:05  Orbital Command  
  20  2:27  Marine, Refinery  
  21  2:41  SCV  
  22  2:45  Marine  
  22  2:48  Barracks Tech Lab  
  22  2:49  Barracks Reactor  
  23  2:53  SCV  
  23  2:56  SCV  
  25  3:03  Marine  
  25  3:05  SCV  
  27  3:08  SCV  
  28  3:17  Supply Depot  
  28  3:18  Marine  
  29  3:20  SCV  
  29  3:21  Marine  
  31  3:32  SCV  
  31  3:33  Marine x2  
  34  3:36  Marine  
  34  3:38  Marine  
  36  3:45  Supply Depot  
  36  3:50  Marine  
  36  3:54  Marine  
  36  3:56  Marine  
  33  4:06  Marine  
  33  4:08  Marine  
  32  4:12  Marine, Factory  
  32  4:14  Marine  
  34  4:24  Marine  
  30  4:26  Marine  
  30  4:30  Marauder  
  30  4:32  Marine  
  28  4:41  Marine  
  28  4:44  Marine  
  29  4:50  Marine  
  29  4:51  Marine  
  27  4:59  Marine  
  23  5:02  Marine  
  22  5:09  Marine  
  22  5:17  Marine  
  22  5:20  Marine  
  22  5:26  Marine  
Show
View Real Time Build Order
Export as new Build Order

ikhan Terran - Winner!

Build Orders:  

Get SALT Encoding   

  12  0:00  SCV  
  13  0:13  SCV  
  14  0:17  Supply Depot  
  14  0:25  SCV  
  15  0:40  Barracks  
  15  0:42  SCV  
  16  0:52  Refinery  
  16  0:54  SCV  
  17  1:06  SCV  
  18  1:18  SCV  
  19  1:28  Marine  
  19  1:30  SCV  
  21  1:42  Refinery  
  21  1:43  Orbital Command  
  21  1:46  Marine  
  22  1:51  Supply Depot  
  22  1:57  Factory  
  22  2:04  Marine  
  23  2:13  SCV  
  24  2:21  Marine  
  25  2:25  SCV  
  26  2:35  Supply Depot  
  26  2:37  SCV  
  26  2:39  Marine  
  26  2:41  Factory Tech Lab  
  28  2:44  Starport  
  28  2:49  SCV  
  29  2:57  Marine  
  30  2:59  Supply Depot  
  30  3:00  Siege Tank  
  30  3:02  SCV  
  34  3:14  SCV  
  34  3:15  Marine  
  36  3:22  Medivac  
  36  3:26  SCV  
  39  3:33  Marine, Siege Tank  
  43  3:36  Supply Depot  
  43  3:50  Marine  
  43  3:59  Viking  
  45  4:08  Marine  
  46  4:11  Siege Tank  
  46  4:26  Marine  
  46  4:29  Viking  
  49  4:44  Marine  
  50  4:46  Bunker  
  50  4:51  Siege Tank  
  52  5:02  Marine  
  53  5:08  Starport Tech Lab  
  53  5:15  Command Center  
  53  5:19  Marine  
  54  5:25  Refinery  
  54  5:28  Supply Depot, Refinery  
  54  5:32  Supply Depot  
  54  5:37  Marine  
  55  5:55  Marine  
Tags
 
Add a new tag
Caveats
  • Supply blocks, unpowered buildings, or Contaminate may cause inaccurate times.
  • Supply counts are checked every 10 seconds.